 Dungeon Crawl Stone Soup version 0.18-a0-1267-gff090c1 (webtiles) character file.

56 namelastname112 the Shooter (level 3, -1/31 HPs)
             Began as a Draconian Hunter on Feb 7, 2016.
             Slain by Natasha (5 damage)
             ... on level 2 of the Dungeon.
             The game lasted 00:02:16 (1882 turns).

namelastname112 the Shooter (Draconian Hunter)      Turns: 1882, Time: 00:02:16

Health: -1/31      AC:  5    Str: 11 (14) XL:     3   Next: 71%
Magic:  3/3        EV: 12    Int:  9 (11) God:
Gold:   97         SH:  0    Dex: 10 (12) Spells: 0 memorised, 2 levels left

rFire  + . .     SeeInvis +     a - +1 shortbow
rCold  + . .     Gourm    .     (armour unavailable)
rNeg   . . .     Faith    .     (shield currently unavailable)
rPois  +         Spirit   .     (helmet restricted)
rElec  +         Dismiss  .     (no cloak)
rCorr  +         Reflect  .     (no gloves)
SustAt .         Harm     .     (no boots)
MR     .....                    (no amulet)
Stlth  +.........               o - ring of poison resistance
                                m - ring of see invisible

@: resistant, not resistant to hostile enchantments, very unstealthy
A: unfitting armour, cold-blooded, AC +5
a: no special abilities


You were on level 2 of the Dungeon.
You were hungry.

You visited 1 branch of the dungeon, and saw 2 of its levels.

You collected 97 gold pieces.

Inventory:

Hand Weapons
 a - a +1 shortbow (weapon)
 b - a +0 short sword
Missiles
 c - 36 arrows (quivered)
Jewellery
 m - a ring of see invisible (left hand)
 o - a ring of poison resistance (right hand)
Scrolls
 e - a scroll of teleportation {unknown}
 g - a scroll of enchant armour {unknown}
 h - 2 scrolls of identify {unknown}
 j - a scroll of blinking {unknown}
 k - 2 scrolls of remove curse {unknown}
 n - a scroll of magic mapping {unknown}
Potions
 f - a potion of degeneration
Comestibles
 d - 2 bread rations
 i - 2 meat rations


   Skills:
 + Level 3.2 Fighting
 * Level 4.2 Bows
 + Level 2.1 Dodging
 - Level 0.8 Stealth


You had 2 spell levels left.
You didn't know any spells.

Dungeon Overview and Level Annotations

Branches:
Dungeon (2/15)

Altars:

Annotations:
D:2 Natasha


Innate Abilities, Weirdness & Mutations

Your plain brown scales are hard (AC +5).
Your body does not fit into most forms of armour.
You are cold-blooded and may be slowed by cold attacks.


Message History

Firing (i - inventory):
c - 37 arrows (quivered)
Press: ? - help, Shift-Dir - straight line, f/p - Natasha
Aim: Natasha (lightly wounded, slightly transparent)
You shoot an arrow. The arrow closely misses Natasha.
The arrow hits the crimson imp.
The crimson imp is lightly wounded.
Natasha claws you.
* * * LOW HITPOINT WARNING * * *
Drink which item? (? for menu, Esc to quit)
It was a potion of degeneration.
There was something very wrong with that liquid.
You feel weakened.
You feel dopey.
You feel clumsy.
The shadow imp disappears in a puff of smoke!
Natasha claws you.
* * * LOW HITPOINT WARNING * * *
Drink which item? (? for menu, Esc to quit)
It was a potion of resistance.
You feel protected. Natasha claws you.
You die...

#<............(
#..#..#.......(
..####..##.#..####.(
#.......##.#..# #..
######..†.....# #(.
###...#### #..
#.##########5
########........###h
#<.@h55.....((..##..
#.#####§..#####.#..#
.)
...............h##
##
#####.#..#.##....#
#.#..#)##...5.
..#†...†......
#####.####..##.
#.......#.....
#.##..........


You could see an iron imp, Natasha (invisible) and a crimson imp.

Vanquished Creatures
  2 worms (D:2)
  A giant gecko (D:1)
  3 giant cockroaches
  5 goblins (D:1)
  7 hobgoblins
  9 jackals
  3 kobolds
  A quokka (D:2)
  4 bats
  3 giant newts
  5 rats
43 creatures vanquished.

Notes
Turn   | Place    | Note
--------------------------------------------------------------
     0 | D:1      | namelastname112 the Draconian Hunter began the quest for the Orb.
     0 | D:1      | Reached XP level 1. HP: 17/17 MP: 1/1
    82 | D:1      | Reached XP level 2. HP: 6/25 MP: 2/2
   798 | D:1      | Reached skill level 4 in Bows
  1117 | D:2      | Reached XP level 3. HP: 23/31 MP: 3/3
  1850 | D:2      | Noticed Natasha
  1882 | D:2      | Slain by Natasha

Vault maps used:
D:1:      sevenhm_arrival_forest_fort_small_6, minmay_misc_feat_square
D:2:      minivault_14, grunt_pakellas_mercury, uniq_terence, uniq_natasha

Action                   || total
-------------------------++-------
Melee: Short sword       ||   165
 Fire: Shortbow          ||    16
  Use: Potion            ||     2
 Stab: Sleeping          ||     1
  Eat: Chunk             ||     1
       Pizza             ||     1
